Map: Tropical Sacrifice

Players

Maru - Winner!

  • Race: Terran Terran
  • Spawn Location: 7:00

Kelazhur

  • Race: Terran Terran
  • Spawn Location: 1:00

Event: DreamHack SC2 Masters 2022 Atlanta (Offline)

VOD

Have the link to the VOD?

Description

Time

  • Played on: Nov. 18, 2022, 5:19 p.m.
  • Length: 5:26

All games in this series

Show
View Real Time Build Order
Export as new Build Order

Maru Terran - Winner!

Build Orders:  

Get SALT Encoding   

  12  0:00  SCV  
  13  0:12  SCV  
  14  0:17  Supply Depot  
  14  0:24  SCV  
  15  0:38  SCV  
  15  0:40  Barracks  
  16  0:45  Refinery  
  16  0:50  SCV  
  16  0:54  Refinery  
  17  1:03  SCV  
  18  1:15  SCV  
  19  1:27  Reaper, Orbital Command  
  20  1:33  Supply Depot  
  20  1:45  Factory  
  20  1:53  SCV  
  21  2:00  Reaper  
  22  2:05  SCV  
  23  2:17  SCV  
  24  2:27  Command Center  
  24  2:30  Hellion  
  24  2:33  SCV  
  27  2:41  Starport  
  27  2:44  Barracks Reactor  
  27  2:46  SCV  
  28  2:51  Supply Depot  
  28  2:55  Factory Tech Lab  
  29  2:58  SCV  
  29  3:10  SCV  
  30  3:14  Cyclone  
  30  3:19  Medivac  
  34  3:22  SCV  
  34  3:24  Marine x2  
  36  3:34  SCV  
  36  3:39  Orbital Command  
  37  3:47  Cyclone, SCV  
  41  3:51  Starport Tech Lab  
  41  3:54  Marine x2  
  43  3:58  Refinery  
  43  3:59  SCV  
  44  4:04  SCV  
  45  4:11  SCV  
  45  4:12  Marine x2  
  45  4:13  Supply Depot  
  45  4:15  Raven  
  50  4:19  SCV  
  52  4:24  SCV  
  52  4:28  Engineering Bay  
  50  4:31  Marine x2  
  50  4:37  SCV  
  52  4:39  Siege Tank  
  52  4:40  SCV  
  51  4:49  SCV, Marine x2  
  51  4:52  SCV  
  55  5:02  SCV  
  55  5:05  SCV  
  54  5:07  Marine  
  54  5:14  SCV  
Show
View Real Time Build Order
Export as new Build Order

Kelazhur Terran 

Build Orders: Gas First Reaper Expand, Hellion Opening 

Get SALT Encoding   

  12  0:00  SCV  
  13  0:12  SCV  
  14  0:17  Supply Depot  
  14  0:24  SCV  
  15  0:29  Refinery  
  15  0:39  SCV  
  16  0:45  Barracks  
  16  0:51  SCV  
  17  1:03  SCV  
  18  1:15  SCV  
  19  1:32  Reaper, Orbital Command  
  20  1:46  Command Center  
  20  1:57  SCV  
  20  2:01  Factory  
  21  2:06  Barracks Reactor  
  21  2:09  SCV  
  21  2:14  Supply Depot  
  22  2:21  SCV  
  23  2:32  Refinery  
  23  2:36  SCV  
  24  2:44  Starport  
  24  2:48  SCV  
  24  2:50  Hellion x2  
  29  2:55  Barracks Tech Lab  
  29  2:58  Orbital Command  
  29  3:00  SCV  
  28  3:12  SCV  
  28  3:15  Marauder  
  29  3:22  Orbital Command  
  29  3:24  Hellion x2  
  33  3:28  Medivac  
  33  3:30  Concussive Shells  
  35  3:36  Marauder  
  35  3:37  SCV  
  38  3:46  Hellion  
  38  3:48  Hellion  
  42  3:50  SCV  
  42  3:51  SCV  
  44  3:59  Supply Depot  
  44  4:04  SCV x2  
  44  4:06  Starport Tech Lab  
  46  4:13  Supply Depot  
  46  4:20  SCV x2  
  46  4:23  Marine x2  
  47  4:32  SCV x2  
  45  4:41  Siege Tank  
  45  4:42  Marine  
  45  4:44  SCV  
  41  4:48  SCV  
  41  4:56  SCV  
  38  5:00  SCV  
  38  5:08  SCV  
Tags
 
Add a new tag
Caveats
  • Supply blocks, unpowered buildings, or Contaminate may cause inaccurate times.
  • Supply counts are checked every 10 seconds.